 Dungeon Crawl Stone Soup version 0.31-a0-441-g867994ef1c (webtiles) character file.

Game seed: 11936236145928557131

914 lunkers the Martial Artist (level 8, -4/59 HPs)
             Began as a Meteoran Shapeshifter on Aug 2, 2023.
             Was an Initiate of Makhleb.
             Slain by an orc warrior
             ... wielding a +2 glaive of protection
              (18 damage)
             ... on level 7 of the Dungeon.
             The game lasted 00:04:56 (2343 turns).

lunkers the Martial Artist (Meteoran Shapeshifter)  Turns: 2343, Time: 00:04:57

Health: -4/59      AC:  7    Str: 16    XL:     8   Next: 56%
Magic:  9/9        EV:  9    Int: 11    God:    Makhleb [......]
Gold:   266        SH:  4    Dex: 16    Spells: 7/7 levels left

rFire   . .          .
                       - Unarmed
rCold   . . .        f - +0 buckler
rNeg    . . .        j - +1 scale mail
rPois   .            (helmet currently unavailable)
rElec   .            (cloak currently unavailable)
rCorr   .            (gloves currently unavailable)
SInv    .            (boots currently unavailable)
Will    +....        d - amulet of the acrobat Stlth
                     (no ring)
HPRegen 0.29/turn    (no ring)
MPRegen 0.11/turn

%: acrobat
@: beast-form, glowing
A: beast (slay +4), sense surroundings 1, otherworldly, glowing, explore regen
a: Begin Untransformation, Renounce Religion


You were on level 7 of the Dungeon.
You worshipped Makhleb.
Makhleb was noncommittal.
You were a hulking beast.
You visited 1 branch of the dungeon, and saw 7 of its levels.

You collected 266 gold pieces.

Inventory:

Armour
 a - a +0 animal skin
 f - a +0 buckler (worn)
 g - a scarf of repulsion
 h - a +0 helmet
 j - a +1 scale mail (worn)
Jewellery
 d - an amulet of the acrobat (around neck)
 l - an amulet of magic regeneration
Talismans
 c - a beast talisman (active)
Scrolls
 k - a scroll of immolation {unknown}
Potions
 b - a potion of heal wounds
 e - a potion of mutation
 i - a potion of resistance {unknown}
 m - 3 potions of curing {unknown}


   Skills:
 - Level 1.1 Fighting
 - Level 2.4 Dodging
 * Level 9.5 Unarmed Combat
 + Level 6.3 Shapeshifting


You had 7 spell levels left.
You didn't know any spells.
Your spell library contained the following spells:

 Spells                   Type           Power      Damage    Failure   Level
 Cigotuvi's Dreadful Rot  Necr/Pois/Air  0%         N/A       95%         2
 Dispel Undead            Necr           0%         3d6       100%        4
 Death Channel            Necr           0%         N/A       100%        6


Dungeon Overview and Level Annotations

Branches:
Dungeon (7/15) Zot: 1878   Temple (0/1) D:5

Altars:
Makhleb


Innate Abilities, Weirdness & Mutations

You are a hulking beast.
Your limbs bulge with bestial killing power. (Slay +4)
You passively map a small area around you.
You are easily found by Zot.
You glow in the dark.
You regain HP and MP as you explore.


Message History

You hit the orc priest.
The orc priest is almost dead.
The orc priest hits you but does no damage.
You hit the orc priest.
You kill the orc priest!
Makhleb accepts your kill.
No target in view!
You see here a +0 hand axe.
You hear the hiss of a very distant avalanche of sand.
An orc warrior and 2 orcs come into view.
The orc warrior is wielding a +2 glaive of protection.
The orc warrior shouts!
The orc shouts! x2
You block the orc's attack. The orc warrior completely misses you.
You hit the orc.
The orc is almost dead.
The orc warrior hits you from afar with a +2 glaive of protection!
You barely miss the orc. You hit the orc.
The orc is heavily wounded.
The orc hits you but does no damage.
The orc warrior hits you from afar with a +2 glaive of protection!
The orc hits you but does no damage.
You punch the orc!
You kill the orc!
Makhleb accepts your kill. The orc closely misses you.
The orc warrior hits you from afar with a +2 glaive of protection!!
* * * LOW HITPOINT WARNING * * *
You block the orc's attack. The orc warrior completely misses you.
Things that are here:
a +0 hand axe; a +0 leather armour; an orc corpse Unknown command.
You barely miss the orc warrior. The orc hits you but does no damage.
You block the orc warrior's attack.
Unknown command.
You hit the orc warrior but do no damage.
The orc hits you with a +0 short sword.
* * * LOW HITPOINT WARNING * * *
The orc warrior hits you with a +2 glaive of protection!!
You die...

#.....#.######.≈≈≈§
###.###.....##.≈.§§ * * #.#
####.#...≈.§§ #.# ##.##.≈.≈§
####.# ####.≈.≈. #....# * **
*#.≈... #.#### *, #.≈.≈§
.#####.######... #.≈..§
.........ho......, #)≈≈≈≈
..##....o..###..., #).... , *
* #.##.##.# #..... , #.
#.##.# * #####. * #. #....#
#. . #.####..######### ## #.
#.####..#.......#######
##.####.........#####.......#
*
.............##.#####.#####.#


You could see an orc warrior and an orc.

Vanquished Creatures
  A water moccasin (D:6)
  A black bear (D:5)
  An orc warrior (D:6)
  An ice beast (D:7)
  An ogre (D:6)
  2 bullfrogs (D:6)
  3 orc priests
  A hound (D:7)
  An iguana (D:6)
  An orc wizard (D:7)
  7 adders
  A shadow imp (D:5)
  2 white imps (D:6)
  A worm (D:2)
  9 orcs
  5 ball pythons
  4 endoplasms
  2 giant cockroaches
  6 goblins
  2 hobgoblins (D:1)
  2 jackals (D:3)
  7 kobolds
  2 quokkas
  5 bats
  6 rats
74 creatures vanquished.

Notes
Turn   | Place    | Note
-------+----------+-------------------------------------------
     0 | D:1      | lunkers the Meteoran Shapeshifter began the quest for the
                  | Orb.
     0 | D:1      | Reached XP level 1. HP: 16/16 MP: 2/2
    20 | D:1      | Reached XP level 2. HP: 10/23 MP: 3/3
    21 | D:1      | Reached skill level 4 in Unarmed Combat
   125 | D:1      | Reached XP level 3. HP: 27/28 MP: 4/4
   324 | D:2      | Reached XP level 4. HP: 35/35 MP: 5/5
   463 | D:2      | Identified the +1 whip "Joomn" {elec, rC+}
   668 | D:2      | Reached skill level 5 in Unarmed Combat
  1056 | D:4      | Reached XP level 5. HP: 3/40 MP: 6/6
  1219 | D:5      | Entered Level 5 of the Dungeon
  1372 | D:5      | Noticed a black bear
  1383 | D:5      | Killed a black bear
  1384 | D:5      | Reached skill level 6 in Unarmed Combat
  1384 | D:5      | Reached XP level 6. HP: 17/47 MP: 7/7
  1408 | D:5      | Found a staircase to the Ecumenical Temple.
  1749 | D:6      | Noticed an ogre
  1755 | D:6      | Killed an ogre
  1756 | D:6      | Reached skill level 7 in Unarmed Combat
  1756 | D:6      | Reached skill level 5 in Shapeshifting
  1776 | D:6      | Reached XP level 7. HP: 18/52 MP: 8/8
  1940 | D:6      | Noticed a water moccasin
  1947 | D:6      | Killed a water moccasin
  1948 | D:6      | Reached skill level 8 in Unarmed Combat
  2036 | D:6      | HP: 2/52 [orc warrior/+0 halberd of flaming (4)]
  2047 | D:6      | Reached XP level 8. HP: 8/59 MP: 9/9
  2185 | D:7      | Reached skill level 9 in Unarmed Combat
  2234 | D:7      | Found a burning altar of Makhleb.
  2286 | D:7      | Became a worshipper of Makhleb the Destroyer
  2343 | D:7      | Slain by an orc warrior

Illustrated notes

Levels and vault maps discovered:
D:1:      dpeg_arrival_solitude, layout_rooms
D:2:      layout_basic, glass_columns_a, kennysheep_generic_room_6
D:3:      layout_basic
D:4:      layout_basic, mainiacjoe_overflow_chevrons, lightli_corner_chamber
D:5:      layout_basic, vehumet_crystals, minmay_temple_entry_wispy, uniq_edmund
D:6:      layout_loops_cross
D:7:      layout_loops_cross, mainiacjoe_overflow_concentric_impassable,
          nicolae_ossuary_entry_ruins, minivault_24

Skill      XL: |  1  2  3  4  5  6  7  8 |
---------------+-------------------------+-----
Unarmed Combat | 4 5 6 7 8 9 |  9.5
Shapeshifting  | 4 5 6 |  6.3
Fighting       | |  1.1
Dodging        | |  2.4

Action                     |  1- 3 |  4- 6 |  7- 9 || total
---------------------------+-------+-------+-------++-------
  Melee: Unarmed           |    60 |    75 |    68 ||   203
         Punch             |     1 |     1 |       ||     2
    Use: Scroll            |     2 |     4 |       ||     6
         Potion            |       |     1 |     2 ||     3
 Armour: Animal skin       |    23 |     1 |       ||    24
         Scale mail        |       |    20 |    18 ||    38
         Skin              |       |     3 |       ||     3
  Dodge: Dodged            |    59 |    30 |    20 ||   109
  Block: Buckler           |       |       |    14 ||    14

Table legend: (Time is in decaauts)
 A = Elapsed time spent in this place.
 B = Non-inter-level travel time spent in this place.
 C = Inter-level travel time spent in this place.
 D = Time resting spent in this place.
 E = Time spent auto-exploring this place.
 F = Levels seen in this place.
 G = Mean time per level.
                   A        B        C        D        E       F      G
               +--------+--------+--------+--------+--------+-----+--------+
         Total |   2320 |   2254 |     66 |    124 |   1519 |   7 |  331.4 |
       Dungeon |   2320 |   2254 |     66 |    124 |   1519 |   7 |  331.4 |
               +--------+--------+--------+--------+--------+-----+--------+

Top non-repeatable levels by time:
     D:5: 504 daAuts
     D:2: 502 daAuts
     D:6: 445 daAuts
     D:4: 330 daAuts
     D:3: 210 daAuts
     D:1: 164 daAuts
     D:7: 162 daAuts
